 Dungeon Crawl Stone Soup version 0.22.1-1-ga44c0e56f4 (webtiles) character file.

216 3rdEnemy the Ducker (level 5, -1/53 HPs)
             Began as a Troll Fighter on Sept 28, 2018.
             Slain by an orc priest
             ... wielding a +0 falchion of protection
              (3 damage)
             ... on level 3 of the Dungeon.
             The game lasted 00:06:29 (2159 turns).

3rdEnemy the Ducker (Troll Fighter)                 Turns: 2159, Time: 00:06:29

Health: -1/53      AC:  5    Str: 24    XL:     5   Next: 61%
Magic:  4/4        EV:  9    Int:  4    God:
Gold:   221        SH:  9    Dex: 10    Spells: 4/4 levels left

rFire    . . .     SeeInvis .   n - +1 mace (holy)
rCold    . . .     Gourm    +   c - +0 shield
rNeg     . . .     Faith    .   b - +0 robe
rPois    .         Spirit   .   (helmet restricted)
rElec    .         Reflect  .   (no cloak)
rCorr    .         Harm     .   (gloves unavailable)
MR       .....                  (boots unavailable)
Stlth    +.........             (no amulet)
HPRegen  0.57/turn              (no ring)
MPRegen  0.09/turn              (no ring)

@: flying
A: large, unfitting armour, claws 3, fast metabolism 3, gourmand, regeneration
1, shaggy fur 1, tough skin 2
a: no special abilities


You were on level 3 of the Dungeon.
You were very full.

You visited 1 branch of the dungeon, and saw 3 of its levels.

You collected 221 gold pieces.

Inventory:

Hand Weapons
 a - a +0 flail
 n - a +1 mace of holy wrath (weapon)
Armour
 b - a +0 robe (worn)
 c - a +0 shield (worn)
Scrolls
 g - a scroll of amnesia {unknown}
 j - a scroll of blinking {unknown}
 k - a scroll of remove curse {unknown}
 l - a scroll of identify {unknown}
 m - 2 scrolls of magic mapping {unknown}
Potions
 d - a potion of might
 e - 2 potions of flight
 h - 4 potions of curing {unknown}
 i - a potion of mutation {unknown}
Comestibles
 f - 5 rations


   Skills:
 + Level 3.3 Fighting
 + Level 3.0 Maces & Flails
 + Level 3.4 Dodging
 + Level 3.3 Shields


You had 4 spell levels left.
You didn't know any spells.
Your spell library was empty.

Dungeon Overview and Level Annotations

Branches:
Dungeon (3/15)

Altars:
Kikubaaqudgha
Nemelex Xobeh
Wu Jian


Innate Abilities, Weirdness & Mutations

You are too large for most types of armour.
You have claws for hands.
Your metabolism is lightning-fast.
You like to eat raw meat.
Your natural rate of healing is unusually fast.
You are covered in fur. (AC +1)
You have very tough skin. (AC +2)


Message History

The orc priest is moderately wounded.
The orc priest hits you but does no damage.
You block the orc's attack.
You hit the orc priest.
The orc priest is heavily wounded.
The orc priest hits you with a falchion of protection.
The orc hits you with a morningstar!
* * * LOW HITPOINT WARNING * * *
The orc priest hits you but does no damage.
Your shield prevents you from hitting the orc priest.
The orc priest is heavily wounded.
The orc hits you with a morningstar!
* * * LOW HITPOINT WARNING * * *
The orc priest barely misses you.
It was a potion of flight.
You feel very buoyant.
You fly up into the air.
The orc hits you with a morningstar.
* * * LOW HITPOINT WARNING * * *
The orc priest hits you with a falchion of protection.
You die...

####.##)#.# #
#####.....#.#.#
#
#.....##..#.#.#
######
#....)#.......
......
#.......#.#.#.#
######
#....##[....# #
#.....'.....#.#
####.##oo...#.#
#)##@......#
#..).....###
### ####.....#
#..
######)....#
#..
...........#
#..
...........#
########..
...........#
..........
........####
..........
........#
..........


You could see an orc priest and an orc.

Vanquished Creatures
  Jessica (D:2)
  Terence (D:2)
  Natasha (thrice) (D:2)
  2 adders
  2 dart slugs
  4 leopard geckos
  4 orcs (D:3)
  5 giant cockroaches
  11 goblins
  8 hobgoblins
  A ball python (D:1)
  5 bats
  A frilled lizard (D:1)
  7 kobolds
  10 rats
65 creatures vanquished.

Notes
Turn   | Place    | Note
-------+----------+-------------------------------------------
     0 | D:1      | 3rdEnemy the Troll Fighter began the quest for the Orb.
     0 | D:1      | Reached XP level 1. HP: 22/22 MP: 0/0
   162 | D:1      | Reached XP level 2. HP: 22/29 MP: 1/1
   570 | D:1      | Reached XP level 3. HP: 36/36 MP: 2/2
   962 | D:2      | Noticed Terence
   978 | D:2      | Killed Terence
   993 | D:2      | You fall through a shaft!
  1054 | D:2      | Found a sparkling altar of Nemelex Xobeh.
  1106 | D:2      | Reached XP level 4. HP: 43/44 MP: 3/3
  1308 | D:2      | Noticed Jessica
  1314 | D:2      | Killed Jessica
  1412 | D:2      | Noticed Natasha
  1419 | D:2      | Killed Natasha
  1427 | D:2      | Noticed Natasha
  1440 | D:2      | Killed Natasha
  1440 | D:2      | Reached XP level 5. HP: 29/53 MP: 4/4
  1563 | D:2      | Found an ancient bone altar of Kikubaaqudgha.
  1705 | D:2      | Found an ornate altar of the Wu Jian Council.
  1800 | D:2      | Noticed Natasha
  1814 | D:2      | Killed Natasha
  2159 | D:3      | HP: 2/53 [orc/morningstar (3)]
  2159 | D:3      | Slain by an orc priest

Skill      XL: |  1  2  3  4  5 |
---------------+----------------+-----
Maces & Flails | 2 3 |  3.0
Dodging        | 3 |  3.4
Fighting       | 3 |  3.3
Shields        | 3 |  3.3

Action                   |  1- 3 |  4- 6 || total
-------------------------+-------+-------++-------
Melee: Flail             |   130 |    75 ||   205
       Mace              |       |    38 ||    38
  Use: Potion            |       |     1 ||     1
 Stab: Sleeping          |       |     1 ||     1
  Eat: Chunk             |    16 |     9 ||    25
Armor: Robe              |    36 |    39 ||    75
Dodge: Dodged            |    38 |    55 ||    93
Block: Shield            |    64 |    47 ||   111
